Map: Old Republic LE

Players

ShoWTimE - Winner!

  • Race: Protoss Protoss
  • League: Master
  • Spawn Location: 1:00

HeroMarine

  • Race: Terran Terran
  • Spawn Location: 7:00

VOD

Have the link to the VOD?

Description

Time

  • Played on: Feb. 1, 2026, 2:54 p.m.
  • Length: 6:38
Show
View Real Time Build Order
Export as new Build Order

ShoWTimE Protoss - Winner!

Build Orders: 1 Gate Expand, Oracle Opening 

Get SALT Encoding   

  12  0:00  Probe  
  13  0:12  Probe  
  14  0:17  Pylon  
  14  0:24  Probe  
  14  0:27  Assimilator  
  15  0:33  Probe  
  15  0:41  Gateway, Probe  
  17  0:50  Probe  
  18  1:03  Probe  
  19  1:15  Probe  
  20  1:21  Nexus  
  20  1:31  Cybernetics Core  
  20  1:33  Probe  
  20  1:38  Assimilator  
  21  1:45  Probe  
  22  1:48  Pylon  
  22  1:57  Adept  
  22  1:58  Probe  
  25  2:10  Probe  
  25  2:11  Stargate  
  26  2:17  Adept  
  26  2:21  Warp Gate  
  26  2:22  Probe  
  29  2:33  Probe  
  29  2:34  Probe  
  31  2:45  Oracle, Probe  
  31  2:46  Probe, Adept  
  35  2:57  Probe  
  39  2:59  Probe, Pylon  
  40  3:09  Probe  
  40  3:11  Probe  
  40  3:12  Oracle, Gateway  
  42  3:21  Probe  
  42  3:23  Probe  
  47  3:33  Probe  
  48  3:35  Probe  
  48  3:37  Pylon  
  49  3:45  Probe  
  49  3:46  Twilight Council  
  49  3:47  Probe  
  51  3:57  Probe  
  51  3:59  Probe  
  51  4:04  Nexus  
  51  4:09  Phoenix, Probe  
  54  4:11  Probe  
  54  4:12  Assimilator  
  54  4:15  Assimilator  
  55  4:18  Charge  
  55  4:23  Probe  
  52  4:32  Probe  
  52  4:34  Phoenix  
  52  4:36  Stalker x2  
  59  4:40  Probe  
  59  4:44  Gateway, Probe  
  61  4:46  Gateway  
  61  4:50  Gateway  
  62  5:00  Gateway  
  62  5:01  Probe  
  62  5:06  Gateway  
  62  5:07  Gateway  
  62  5:11  Templar Archives  
  62  5:15  Probe  
  62  5:16  Probe  
  62  5:20  Pylon  
  62  5:21  Sentry  
  66  5:25  Forge  
  66  5:26  Probe  
  67  5:29  Probe  
  67  5:32  Sentry  
  67  5:34  Probe  
  71  5:37  Pylon  
  71  5:39  Zealot  
  71  5:41  Shield Battery  
  73  5:44  Zealot x2  
  73  5:48  Gateway  
  77  5:52  Zealot  
  77  5:55  Zealot x2  
  83  5:59  Zealot  
  83  6:02  Zealot  
  87  6:05  Zealot  
  86  6:15  Zealot x3  
  78  6:19  Zealot  
  66  6:27  Zealot x3  
Show
View Real Time Build Order
Export as new Build Order

HeroMarine Terran 

Build Orders: Cyclone Opening 

Get SALT Encoding   

  12  0:00  SCV  
  13  0:12  SCV  
  14  0:16  Supply Depot  
  14  0:24  SCV  
  15  0:38  SCV  
  15  0:40  Barracks  
  15  0:42  Refinery  
  16  0:50  SCV  
  17  1:02  SCV  
  18  1:14  SCV  
  19  1:27  Orbital Command  
  20  1:34  Command Center  
  20  1:38  Marine  
  20  1:48  Factory  
  20  1:52  SCV  
  21  2:02  Supply Depot  
  21  2:04  SCV  
  21  2:05  Barracks Tech Lab  
  22  2:09  Refinery  
  22  2:16  SCV  
  23  2:28  SCV  
  24  2:32  Marine  
  25  2:38  Cyclone  
  25  2:41  SCV  
  29  2:47  Orbital Command  
  29  2:50  Starport  
  29  2:53  SCV  
  31  3:02  Barracks Reactor  
  31  3:05  SCV  
  31  3:10  Widow Mine  
  33  3:13  Barracks  
  33  3:14  SCV  
  33  3:17  SCV  
  35  3:26  SCV  
  36  3:27  Medivac  
  36  3:29  SCV  
  36  3:33  Barracks  
  39  3:35  Supply Depot  
  39  3:38  SCV  
  39  3:39  Marine x2  
  42  3:41  SCV  
  42  3:42  Factory Tech Lab  
  43  3:50  SCV  
  43  3:53  SCV  
  45  3:56  Marine  
  45  3:57  Marine  
  45  4:02  SCV  
  48  4:05  SCV  
  49  4:10  Stimpack, Marine  
  49  4:14  SCV, Marine  
  49  4:15  Marine  
  49  4:16  Supply Depot  
  53  4:17  SCV  
  50  4:29  Marine  
  49  4:34  Marine x2  
  49  4:35  Siege Tank  
  52  4:40  Marine  
  52  4:42  SCV x2  
  52  4:44  Supply Depot  
  55  4:47  Marine  
  55  4:50  Engineering Bay  
  55  4:51  Medivac  
  58  4:53  Marine  
  58  4:54  Marine  
  58  4:58  Marine  
  61  5:05  Marine  
  61  5:07  Supply Depot  
  62  5:08  Siege Tank  
  62  5:11  Marine  
  62  5:12  Marine  
  67  5:16  Marine, Missile Turret  
  68  5:22  Marine  
  69  5:28  Medivac  
  69  5:29  Marine  
  69  5:30  Marine  
  69  5:34  Marine  
  73  5:38  Supply Depot  
  73  5:40  Marine  
  74  5:46  Marine  
  74  5:48  Marine  
  76  5:52  Marine  
  77  5:58  Marine  
  77  5:59  Siege Tank  
  77  6:01  Supply Depot  
  81  6:04  Marine  
  81  6:07  Bunker  
  82  6:12  Marine x2  
  82  6:16  Marine  
Tags
 
Add a new tag
Caveats
  • Supply blocks, unpowered buildings, or Contaminate may cause inaccurate times.
  • Supply counts are checked every 10 seconds.